[Event "NJSK 2024 Cm"]
[Site "Groningen, Netherlands"]
[Date "2024.04.28"]
[Round "2.6"]
[White "Vermeulen, Ilona"]
[Black "Schipper, Sarah"]
[Result "1/2-1/2"]
[TimeControl "90min/40moves + 30min + 30sec/move"]
[WhiteElo "1427"]
[BlackElo "1238"]

1. e4 e5 2. Nf3 Nc6 3. d4 exd4 4. Nxd4 Nxd4 5. Qxd4 Ne7 6. Nc3 Nc6 7. Qd1 Bc5 8. Be2 d6 9. Bb5 Bd7 10.
Bxc6 Bxc6 11. Nd5 Bxd5 12. exd5 Qe7+ 13. Qe2 Qxe2+ 14. Kxe2 O-O 15. Be3 Rfe8 16. Rhe1 h6 17. Kd2 Bxe3+ 18. Rxe3 Rxe3 19. fxe3 f5 20. Rf1 g6 21. h3 c6 22. dxc6 bxc6 23. Kd3 d5 24. g4 fxg4 25. hxg4 Re8 26.
Rg1 c5 27. b3 Re5 28. c4 Kf7 29. cxd5 Rxd5+ 30. Ke4 Rg5 31. Kf4 Kf6 32. Rd1 Ke6 33. Rd8 Rd5 34. Rxd5 Kxd5 35. a3 a5 36.
Kf3 c4 37. bxc4+ Kxc4 38. e4 Kd4 39. Kf4 a4 40. Kf3 h5 41. gxh5 gxh5 42. Kf4 h4 43. e5 Kd5 44. Kf5 h3 45.
e6 h2 46. e7 h1=Q 47. e8=Q Qf3 48. Kg5 Qg2 49. Kh6 Qh2+ 50. Kg6 Qd6+ 51. Kf7 Qf4+ 52. Kg8 Qg4+ 53. Kh8 Qh3+ 54. Kg7 Qg3+ 55.
Kh6 Qxa3 56. Qf7+ Kd4 57. Qf4+ 1/2-1/2

[Event "NJSK 2024 Cm"]
[Site "Groningen, Netherlands"]
[Date "2024.04.28"]
[Round "2.7"]
[White "Jermin, Ayleanna"]
[Black "Regterschot, Frederieke"]
[Result "0-1"]
[TimeControl "90min/40moves + 30min + 30sec/move"]
[WhiteElo "1249"]
[BlackElo "1292"]

1. e4 e5 2. Nf3 Nc6 3. Bb5 Nf6 4. Nc3 d6 5. d3 Bg4 6. h3 Bh5 7. g4 Bg6 8. Bg5 Be7 9. d4 a6 10.
Ba4 b5 11. Bb3 Nxe4 12. Bxe7 Qxe7 13. Bd5 Nxc3 14. bxc3 exd4+ 15. Qe2 Qxe2+ 16. Kxe2 Kd7 17. cxd4 Rae8+ 18. Kf1 Nb4 19. Bb7 Bxc2 20.
Rc1 Be4 21. Bxe4 Rxe4 22. Kg2 Nxa2 23. Rce1 Re7 24. Rxe7+ Kxe7 25. Re1+ Kd7 26. Ng5 f6 27. Ne6 Re8 28. d5 Nb4 29.
Ra1 Nxd5 30. Nxg7 Rg8 31. Nf5 Nb4 32. Ng3 c5 33. Ne4 Rg6 34. Rd1 f5 35. Nxc5+ Kc6 36. Nb3 fxg4 37. Na5+ Kb6 38.
Nb3 gxh3+ 39. Kxh3 Rf6 40. Kg3 a5 41. Ra1 a4 42. Nd2 d5 43. f4 h5 44. Nf3 Nd3 45. Ra3 Nxf4 46. Ne5 Ne2+ 47.
Kh4 Ka5 48. Rd3 Rf4+ 49. Kh3 Re4 50. Kh2 Rxe5 51. Rd2 Nf4 52. Kg3 Ng6 53. Rc2 h4+ 54. Kh3 Ne7 55. Rc7 Re4 56. Ra7+ Kb4 57.
Kg2 a3 58. Kf3 Kb3 59. Rb7 b4 60. Ra7 Kb2 61. Rb7 a2 62. Ra7 a1=Q 63. Rxa1 Kxa1 64. Kf2 b3 65. Kg2 b2 66.
Kf2 b1=Q 67. Kf3 Qd3+ 68. Kg2 Re2+ 69. Kf1 Qd1 0-1

[Event "NJSK 2024 Cm"]
[Site "Groningen, Netherlands"]
[Date "2024.04.29"]
[Round "3.1"]
[White "Jorritsma, Eli Alia"]
[Black "Roebers, Bregje"]
[Result "0-1"]
[TimeControl "90min/40moves + 30min + 30sec/move"]
[WhiteElo "1777"]
[BlackElo "1829"]

1. Nf3 f5 2. b3 Nf6 3. Bb2 g6 4. e3 Bg7 5. d4 O-O 6. Be2 d6 7. O-O h6 8. c4 Qe8 9. Nbd2 Nbd7 10.
d5 Nb8 11. Qc2 e5 12. dxe6 Bxe6 13. Nd4 Bd7 14. Bf3 Nc6 15. Rfe1 Qc8 16. Rad1 Ne5 17. Be2 Bc6 18. Nxc6 Nxc6 19.
Nf3 Re8 20. Nd4 Nxd4 21. exd4 c6 22. Bf3 d5 23. cxd5 Rxe1+ 24. Rxe1 cxd5 25. Qc5 Qxc5 26. dxc5 Ne4 27. Bxg7 Kxg7 28.
Bxe4 fxe4 29. Rd1 Rd8 30. Kf1 Kf6 31. Ke2 Ke5 32. b4 d4 33. g3 Rf8 34. Rf1 Rf3 35. h3 Kd5 36. Rb1 Rc3 37.
Kd2 Ra3 38. Rb2 a6 39. Ke2 Kc4 40. Kd2 Rc3 41. h4 Ra3 42. Ke2 Kc3 43. Rd2 Ra4 44. Kd1 Rxb4 45. Rc2+ Kd3 46. Rd2+ Kc4 47.
Rc2+ Kd5 48. Ke1 Rb5 49. Kd2 Rxc5 50. Rb2 b5 51. a3 Rc3 52. Ra2 Kc4 53. a4 b4 54. Ra1 b3 55. Rb1 Rc2+ 56.
Ke1 b2 0-1

[Event "NJSK 2024 Cm"]
[Site "Groningen, Netherlands"]
[Date "2024.04.29"]
[Round "3.2"]
[White "Hardeman, Imara"]
[Black "Luong, Thao"]
[Result "0-1"]
[TimeControl "90min/40moves + 30min + 30sec/move"]
[WhiteElo "1676"]
[BlackElo "1687"]

1. e4 e5 2. Nf3 Nc6 3. c3 d5 4. Qa4 f6 5. d3 Be6 6. Be2 Bc5 7. O-O Nge7 8. Nbd2 O-O 9. Qc2 Qd6 10.
a4 a5 11. Nb3 Bb6 12. Bd2 Rad8 13. Rfe1 Kh8 14. Rac1 dxe4 15. dxe4 g5 16. Rcd1 Bf7 17. Be3 Qe6 18. Nc5 Qc8 19.
Rxd8 Rxd8 20. Rd1 Rd6 21. Rd3 Bg6 22. Nd2 h5 23. Ncb3 Bxe3 24. Rxe3 Nd5 25. Rd3 Ndb4 26. cxb4 Nxb4 27.
Qb1 Nxd3 28. Bxd3 Qd7 29. Nc5 Qc6 30. Qc2 b6 31. Bb5 Qxc5 32. Qxc5 bxc5 33. Nb3 Rd1+ 34. Bf1 Bxe4 35. Nxc5 Bd5 36.
b3 Rb1 37. g3 h4 38. gxh4 gxh4 39. h3 Bxb3 40. Nxb3 Rxb3 41. Bc4 Rxh3 0-1

[Event "NJSK 2024 Cm"]
[Site "Groningen, Netherlands"]
[Date "2024.04.29"]
[Round "3.3"]
[White "Elangkumaran, Anumitra"]
[Black "Koorevaar, Sarah-Joy"]
[Result "1-0"]
[TimeControl "90min/40moves + 30min + 30sec/move"]
[WhiteElo "1605"]
[BlackElo "1544"]

1. e4 c5 2. Nc3 e6 3. f4 Nc6 4. Bb5 Qc7 5. Bxc6 Qxc6 6. Nf3 a6 7. d3 b5 8. b3 b4 9. Ne2 Nf6 10.
O-O Be7 11. Bb2 O-O 12. Qe1 Bb7 13. Qg3 d5 14. e5 Nd7 15. c3 bxc3 16. Nxc3 a5 17. Nh4 c4 18. f5 Bxh4 19. Qxh4 exf5 20. d4 Nxe5 21. dxe5 d4 22.
Qg3 dxc3 23. Bxc3 cxb3 24. axb3 Rfd8 25. e6 g6 26. exf7+ Kxf7 27. Rxf5+ gxf5 28. Qg7+ Ke8 29. Re1+ Qe4 30.
Rxe4+ Bxe4 31. Bf6 Rd1+ 32. Kf2 Rd2+ 33. Ke1 Ra7 34.
Qxa7 Rd7 35. Qxa5 Kf7 36. Qe5 1-0

[Event "NJSK 2024 Cm"]
[Site "Groningen, Netherlands"]
[Date "2024.04.29"]
[Round "3.4"]
[White "Ganeshram, Niranjana"]
[Black "Zhang, Jinchen"]
[Result "1/2-1/2"]
[TimeControl "90min/40moves + 30min + 30sec/move"]
[WhiteElo "1566"]
[BlackElo "1348"]

1. d4 Nf6 2. Bf4 g6 3. e3 Bg7 4. Nf3 d6 5. Nbd2 Nc6 6. Bb5 Bd7 7. O-O a6 8. Ba4 O-O 9. e4 Nxd4 10.
Bxd7 Nxf3+ 11. Nxf3 Nxd7 12. Rb1 Ne5 13. Bxe5 Bxe5 14. Qe2 Bg7 15. Rfd1 e6 16. e5 d5 17. c4 c6 18. b3 Qe7 19.
cxd5 exd5 20. Re1 Rae8 21. Qb2 Qc7 22. Rbc1 Re7 23. Rc2 Rfe8 24. Rce2 c5 25. Qd2 d4 26. Qf4 f6 27. Qe4 fxe5 28.
Qd5+ Kh8 29. Rc2 b6 30. b4 e4 31. Ng5 Be5 32. g3 Bd6 33. Rxe4 Rxe4 34. Nxe4 Rd8 35. Nxd6 Qxd6 36. Qxd6 Rxd6 37.
bxc5 Rc6 38. Kf1 Rxc5 39. Rd2 Rd5 40. Ke2 Kg7 41. Kd3 Kf6 42. Ke4 Ke6 43. Rxd4 Rxd4+ 44. Kxd4 Kd6 45. f4 b5 1/2-1/2

[Event "NJSK 2024 Cm"]
[Site "Groningen, Netherlands"]
[Date "2024.04.29"]
[Round "3.5"]
[White "Regterschot, Frederieke"]
[Black "Vermeulen, Ilona"]
[Result "0-1"]
[TimeControl "90min/40moves + 30min + 30sec/move"]
[WhiteElo "1292"]
[BlackElo "1427"]

1. d4 d5 2. c4 e6 3. Nc3 Bb4 4. Nf3 Nf6 5. Qa4+ Nc6 6. cxd5 Bxc3+ 7. bxc3 Qxd5 8. e3 O-O 9. Bd3 Re8 10.
O-O Bd7 11. Qc2 g6 12. e4 Qh5 13. Rb1 Na5 14. Ne5 Ng4 15. Nxg4 Qxg4 16. f3 Qh4 17. Be3 e5 18. Bf2 Qf6 19.
d5 c6 20. c4 cxd5 21. cxd5 Rac8 22. Qe2 b6 23. Ba6 Rb8 24.
Rfc1 Bc8 25. Rc7 Bxa6 26. Qxa6 Re7 27. Qxa7 Rb7 28. Qa8+ Kg7 29. Rxe7 Qxe7 30. Qa6 Ra7 31. Qe2 Rb7 32.
Rxb6 Rxb6 33. Bxb6 Nb7 34. a4 Qb4 35. Bc7 Qc5+ 36. Kf1 Qxc7 37. Qd1 Nd6 38. Kf2 Qa7+ 39. Kg3 f5 40. Qc2 f4+ 41.
Kh3 Qd7+ 42. g4 g5 43. a5 Qb5 44. Qc7+ Kg8 45. Qd8+ Kf7 46. Qc7+ Ke8 47. Kg2 Qe2+ 48. Kg1 Qe3+ 49.
Kg2 Qe2+ 50. Kg1 Qe1+ 51. Kg2 Qd2+ 52. Kf1 Qd3+ 53. Ke1 Qe3+ 54. Kd1 Qxf3+ 55. Kc1 Qa3+ 56. Kc2 Qa4+ 57. Kc1 Qa3+ 58.
Kc2 Qa2+ 59. Kc1 Qa1+ 60. Kc2 Qa2+ 61. Kd1 Qa4+ 62. Kd2 Nxe4+ 63. Kd3 Qd4+ 64. Ke2 Qd2+ 65. Kf3 Qe3+ 66. Kg2 Qf2+ 67.
Kh3 Qf1# 0-1

[Event "NJSK 2024 Cm"]
[Site "Groningen, Netherlands"]
[Date "2024.04.29"]
[Round "3.6"]
[White "Esvelt, Klio"]
[Black "Schipper, Sarah"]
[Result "1-0"]
[TimeControl "90min/40moves + 30min + 30sec/move"]
[WhiteElo "1353"]
[BlackElo "1238"]

1. e4 e5 2. Nf3 Nc6 3. d4 exd4 4. Nxd4 Nxd4 5. Qxd4 Ne7 6. Bc4 Nc6 7. Qd5 Qe7 8. Bg5 f6 9. Bf4 d6 10. Nc3 Nb4 11. Qb5+ Nc6 12.
Qh5+ g6 13. Qf3 f5 14. O-O-O Bg7 15. Rhe1 Ne5 16. Bxe5 Bxe5 17. exf5 gxf5 18. Bd3 Qf6 19. g4 Qg5+ 20. Kb1 Qxg4 21.
Qxg4 fxg4 22. Nd5 Kd7 23. Bf5+ Kc6 24. Ne7+ Kb6 25. Nxc8+ Raxc8 26. Bxc8 Rxc8 27. Re4 h5 28. Rd3 a6 29.
Rb4+ Ka7 30. Rdb3 b6 31. h3 Re8 32. hxg4 hxg4 33. Rxg4 Bg3 34. a3 Bxf2 35. Rf4 Bc5 36. Rf7 Kb7 37.
Rh3 b5 38. Rh4 Kb6 39. b4 Be3 40. Rhh7 Rc8 41. Re7 Bf4 42. Rhf7 Bd2 43. Kb2 a5 44. Re2 Bg5 45. Kb3 Rh8 46.
bxa5+ Kxa5 47. Rxc7 Rh3+ 48. c3 Kb6 49. Rf7 Rh4 50. Re6 Kc6 51. Rg7 Bf4 52. Rgg6 Rh2 53. Ref6 Be5 54. Rf8 Rh4 55.
Rc8+ Kd5 56. Rg2 Rf4 57. Rd2+ Ke6 58. Re8+ Kd7 59. Rg8 Rc4 60. Rd3 Ke6 61. Re8+ Kd7 62. Rb8 Rc5 63. Ra8 Kc7 64. Ra7+ Kc6 65.
Rf7 Kb6 66. Rf8 Kc7 67. Ra8 Kb7 68. Rg8 Kc6 69. Rg4 Kd7 70. Rb4 Kc6 71. a4 bxa4+ 72. Rxa4 Rb5+ 73. Rb4 Rc5 74. Rc4 Rxc4 75.
Kxc4 Bf6 76. Kb4 d5 77. Rf3 Be5 78. Rf5 Bd6+ 79. Kb3 Kc5 80. c4 Be7 81. cxd5 Bd6 82. Kc3 Be7 83. Kd3 Bd6 84.
Ke4 Kb6 85. Rf6 Kc7 86. Kf5 Kd7 87. Rf7+ Kd8 88. Ke6 Bc7 89. d6 Bb6 90. d7 Bc5 91. Kd5 Ba3 92. Kc6 Bb4 93. Rg7 Ba5 94.
Rg5 Bc7 95. Rg4 Ba5 96. Re4 Bb4 97. Re8# 1-0

[Event "NJSK 2024 Cm"]
[Site "Groningen, Netherlands"]
[Date "2024.04.29"]
[Round "3.7"]
[White "Jermin, Ayleanna"]
[Black "Barbier, Emma"]
[Result "1-0"]
[TimeControl "90min/40moves + 30min + 30sec/move"]
[WhiteElo "1249"]
[BlackElo "1473"]

1. e4 e5 2. f4 f6 3. Nf3 d6 4. Nc3 a6 5. h3 Be6 6. d4 Nd7 7. dxe5 dxe5 8. Be3 Bd6 9. a3 Ne7 10.
Qd2 Nc6 11. O-O-O Qe7 12. Be2 b5 13. Nd5 Qd8 14. g4 Nc5 15. f5 Bf7 16. Nc3 Qe7 17. g5 Nd7 18. Nd5 b4 19. Nxe7 Kxe7 20.
gxf6+ Nxf6 21. axb4 Bxb4 22.
c3 Rad8 23. Qc2 Bd6 24. c4 Ke8 25. c5 Be7 26. Rxd8+ Nxd8 27. Qa4+ Kf8 28. Nxe5 g6 29. Nxf7 Nxf7 30. Qxa6 Nxe4 31. Qa8+ Kg7 32. Qxe4 gxf5 33. Qxe7 1-0

[Event "NJSK 2024 Cm"]
[Site "Groningen, Netherlands"]
[Date "2024.04.30"]
[Round "4.1"]
[White "Roebers, Bregje"]
[Black "Luong, Thao"]
[Result "1-0"]
[TimeControl "90min/40moves + 30min + 30sec/move"]
[WhiteElo "1829"]
[BlackElo "1687"]

1. e4 e5 2. Nf3 Nc6 3. Bc4 Bc5 4. c3 Nf6 5. d4 exd4 6. e5 d5 7. Bb5 Ne4 8. cxd4 Bb4+ 9. Bd2 Nxd2 10.
Nbxd2 O-O 11. O-O f6 12. Qa4 Bxd2 13. Bxc6 Bh6 14. Bb5 c6 15. Be2 Bg4 16. Qc2 Bxf3 17. Bxf3 fxe5 18. dxe5 Qg5 19.
Qe2 Rae8 20. Rae1 Rf5 21. e6 Rf6 22. Bg4 Rf4 23. h3 g6 24. f3 Re7 25. g3 Rb4 26. Qc2 Bg7 27. h4 Qf6 28.
b3 h5 29. Bh3 Rb5 30. f4 b6 31. Re5 Rc5 32. Qd3 Qf8 33. Rg5 Rc3 34. Qxg6 Rc7 35. Bf5 Qc5+ 36. Kh1 Qb5 37. Qe8# 1-0

[Event "NJSK 2024 Cm"]
[Site "Groningen, Netherlands"]
[Date "2024.04.30"]
[Round "4.2"]
[White "Elangkumaran, Anumitra"]
[Black "Jorritsma, Eli Alia"]
[Result "0-1"]
[TimeControl "90min/40moves + 30min + 30sec/move"]
[WhiteElo "1605"]
[BlackElo "1777"]

1. e4 g6 2. Nc3 Bg7 3. Bc4 d6 4. d3 a6 5. a4 Nf6 6. Nf3 O-O 7. O-O c5 8. Be3 Nc6 9. h3 Nd7 10.
Bb3 Nde5 11. Nxe5 Nxe5 12. f4 Nc6 13. f5 Kh8 14. Qd2 gxf5 15. exf5 Nd4 16. Bh6 Nxb3 17. cxb3 Rg8 18. Rf3 Bd7 19.
Raf1 Bc6 20. R3f2 Bd4 21. Be3 Bxe3 22. Qxe3 Rg7 23. Ne4 Bxe4 24. Qxe4 d5 25. Qe5 Qd6 26. Qxd6 exd6 27. f6 Rg3 28.
Rf3 Rag8 29. Rxg3 Rxg3 30. Re1 Rg6 31. Re8+ Rg8 32. Rxg8+ Kxg8 33. Kf2 h5 34. Kf3 Kh7 35. g4 Kg6 36.
gxh5+ Kxh5 37. Ke3 b5 38. axb5 axb5 39. b4 Kg5 40. b3 Kxf6 41. Kf4 Kg6 42. h4 Kh5 43. Kf5 Kxh4 44. Kf4 Kh3 45.
Kf3 Kh2 46. Kf2 f6 47. Kf3 Kg1 48. Kg3 Kf1 49. Kf3 Ke1 50. Ke3 Kd1 51. d4 c4 52. bxc4 dxc4 53. d5 c3 54. Kf4 c2 55.
Kf5 c1=Q 56. Ke6 Qf4 57. Ke7 Qxb4 58. Ke6 Qc5 59. Ke7 Qxd5 60. Kf8 Qb7 61. Ke8 Ke2 62. Kf8 Ke3 63. Kg8 Kf4 64.
Kf8 Ke5 65. Kg8 Ke6 66. Kh8 Qg2 67. Kh7 Kf7 68. Kh6 Qh3+ 0-1

[Event "NJSK 2024 Cm"]
[Site "Groningen, Netherlands"]
[Date "2024.04.30"]
[Round "4.3"]
[White "Vermeulen, Ilona"]
[Black "Hardeman, Imara"]
[Result "0-1"]
[TimeControl "90min/40moves + 30min + 30sec/move"]
[WhiteElo "1427"]
[BlackElo "1676"]

1. e4 d5 2. exd5 Qxd5 3. Nc3 Qd6 4. Bc4 Nf6 5. d3 Bf5 6. Qe2 e6 7. Bd2 Be7 8. O-O-O Nc6 9. Nb5 Qd7 10. Bc3 a6 11. Na3 b5 12. Bb3 b4 13. Bxf6 Bxf6 14. Nc4 Nd4 15.
Qe1 Nxb3+ 16. axb3 a5 17. Nf3 O-O 18. d4 Qb5 19. Qe3 a4 20. Kd2 Ra6 21. Ra1 Rfa8 22. h3 Bxc2 23. Rxa4 Rxa4 24.
bxa4 Qxc4 25. Rc1 b3 26. Qc3 Qxc3+ 27. Kxc3 Rxa4 28. Ne5 Bxe5 29. dxe5 Kf8 30. g3 Ke7 31. f4 Kd7 32. h4 Kc6 33.
h5 Kc5 34. Rh1 Rc4+ 35. Kd2 Rd4+ 36. Ke3 Rd3+ 37. Ke4 Rd1+ 38. Kf3 Rxh1 39. Kg4 Bd1+ 40. Kg5 Rxh5 0-1

[Event "NJSK 2024 Cm"]
[Site "Groningen, Netherlands"]
[Date "2024.04.30"]
[Round "4.4"]
[White "Esvelt, Klio"]
[Black "Ganeshram, Niranjana"]
[Result "0-1"]
[TimeControl "90min/40moves + 30min + 30sec/move"]
[WhiteElo "1353"]
[BlackElo "1566"]

1. e4 d5 2. exd5 Qxd5 3. Nc3 Qa5 4. Bc4 e5 5. Nf3 Nf6 6. d3 c6 7. Bg5 Qd8 8. Qd2 Be7 9. O-O-O Nbd7 10.
Rhe1 Qc7 11. d4 b5 12. Bb3 b4 13. Ne4 Nxe4 14. Rxe4 Bxg5 15. Nxg5 O-O 16. dxe5 h6 17. Nf3 a5 18.
Qe3 a4 19. e6 axb3 20. Qxb3 Nc5 21. exf7+ Qxf7 22. Qxf7+ Rxf7 23. Re8+ Rf8 24. Re7 Rxa2 25. Rde1 Ra1+ 26. Kd2 Rxe1 27.
Nxe1 Rd8+ 28. Kc1 b3 29. c3 Kh7 30. Rc7 Bg4 31. f3 Bd7 32. Ra7 Re8 33. Kd1 Rd8 34. Kc1 Bf5 35. Ra5 Nd3+ 36.
Nxd3 Bxd3 37. Ra3 Bc2 38. Ra6 Rd1# 0-1

[Event "NJSK 2024 Cm"]
[Site "Groningen, Netherlands"]
[Date "2024.04.30"]
[Round "4.5"]
[White "Zhang, Jinchen"]
[Black "Regterschot, Frederieke"]
[Result "0-1"]
[TimeControl "90min/40moves + 30min + 30sec/move"]
[WhiteElo "1348"]
[BlackElo "1292"]

1. e4 e5 2. Nf3 Nc6 3. d4 exd4 4. Nxd4 Bc5 5. Be3 Nxd4 6. Bxd4 Bxd4 7. Qxd4 d6 8. Nc3 Qf6 9. Qxf6 Nxf6 10.
O-O-O O-O 11. f3 h5 12. Bd3 Be6 13. h3 Rfc8 14. g4 Kf8 15. g5 Nh7 16. h4 g6 17. Be2 a6 18. Rdf1 Re8 19.
f4 f5 20. Bd3 Kg7 21. exf5 Bxf5 22. Bxf5 gxf5 23. Nd5 Rac8 24. Re1 c6 25. Nc3 Kg6 26. Kd2 Nf8 27. Re3 Rxe3 28. Kxe3 Re8+ 29.
Kd2 d5 30. Re1 Re6 31. Re2 Kf7 32. Rh2 Ng6 33. Ne2 Re4 34. Ng3 Rxf4 35. Nxh5 Rxh4 36. Rxh4 Nxh4 37. Nf4 Nf3+ 38. Ke3 Nxg5 39.
b4 Ne6 40. Nxe6 Kxe6 41. a4 b5 42. a5 Ke5 43. Ke2 Ke4 44.
c3 d4 45. cxd4 Kxd4 46. Kd2 f4 47. Ke2 Kc4 48. Kf3 Kxb4 49. Kxf4 Kxa5 50. Ke3 Kb4 51. Kd2 Kb3 52. Kd1 Kb2 53.
Kd2 a5 54. Kd3 a4 55. Kd4 a3 56. Kc5 a2 57. Kxc6 b4 58. Kc5 b3 59. Kc4 a1=Q 60. Kd3 Qe1 61. Kc4 Kc2 62. Kb5 Qc3 63. Ka4 b2 64. Kb5 b1=Q+ 65. Ka4 Qca1# 0-1

[Event "NJSK 2024 Cm"]
[Site "Groningen, Netherlands"]
[Date "2024.04.30"]
[Round "4.6"]
[White "Koorevaar, Sarah-Joy"]
[Black "Jermin, Ayleanna"]
[Result "1-0"]
[TimeControl "90min/40moves + 30min + 30sec/move"]
[WhiteElo "1544"]
[BlackElo "1249"]

1. d4 d5 2. c4 c6 3. Nf3 Nf6 4.
g3 h6 5.
Bg2 Bg4 6. O-O e6 7. Nc3 Bd6 8. c5 Bc7 9. b4 b6 10. a4 Nbd7 11. Re1 e5 12. e4 a5 13. b5 cxb5 14. c6 Nb8 15.
axb5 O-O 16. Ba3 Re8 17. exd5 e4 18. Nxe4 Nxe4 19. Qd3 Qxd5 20. Nd2 Bf5 21. Nxe4 Qd8 22. Qe3 Bxe4 23. Bxe4 Qg5 24.
Qxg5 hxg5 25. Bh7+ Kh8 26. Rxe8+ Kxh7 27. Rd1 a4 28. d5 Ra5 29. d6 Bxd6 30. Bxd6 Nxc6 31. bxc6 Ra7 32. c7 Rxc7 33.
Bxc7 b5 34. Rb8 a3 35. Rxb5 a2 36. Rxg5 f6 37. Ra5 g5 38. Rd6 Kg6 39. Bd8 g4 40. Rxf6+ Kg7 41. Ra7+ Kg8 42. Rb6 a1=Q+ 43. Rxa1 Kf7 44. Ra7+ Ke8 45. Rb8 Kf8 46. Bh4# 1-0

[Event "NJSK 2024 Cm"]
[Site "Groningen, Netherlands"]
[Date "2024.04.30"]
[Round "4.7"]
[White "Schipper, Sarah"]
[Black "Barbier, Emma"]
[Result "0-1"]
[TimeControl "90min/40moves + 30min + 30sec/move"]
[WhiteElo "1238"]
[BlackElo "1473"]

1. e4 e5 2. Nf3 Nc6 3. Bc4 Bc5 4. d3 h6 5. Nc3 Nf6 6. Be3 Bb6 7. Qd2 d6 8. O-O-O Be6 9. Bd5 Qd7 10.
d4 Bg4 11. dxe5 dxe5 12. Rde1 Bxf3 13. gxf3 Ba5 14. Bxc6 Qxc6 15. Rhg1 g5 16. Rd1 Qe6 17. Kb1 Qh3 18. Rh1 Qxf3 19.
Rhg1 Qh3 20. Rh1 Nxe4 21. Qd7+ Qxd7 22. Rxd7 Kxd7 23. Nxe4 Rad8 24. Bxa7 b6 25. a3 Kc8 26. Bxb6 Bxb6 27.
f3 Rd5 28. Re1 Rhd8 29. Nc3 Rd4 30. Rxe5 Rf4 31. Re2 Rxf3 32. Nb5 h5 33. Nc3 h4 34. Ne4 g4 35. Rg2 f5 36. Ng5 Rf1+ 37.
Ka2 Rg8 38. Nf7 g3 39. c3 h3 40. Re2 g2 41. Ne5 g1=Q 42. Nd3 Ra1+ 43. Kb3 Qd1+ 44. Rc2 Qxd3 45. a4 Rxa4 46. Kxa4 Qxc2+ 47. Kb4 Qxb2+ 48. Kc4 Rg4+ 49. Kd5 Qb5+ 50. Ke6 f4 51. c4 Rg6+ 52. Kf7 Qf5+ 53. Ke7 Bc5+ 54. Ke8 Rg8 0-1

[Event "NJSK 2024 Cm"]
[Site "Groningen, Netherlands"]
[Date "2024.05.01"]
[Round "5.1"]
[White "Ganeshram, Niranjana"]
[Black "Roebers, Bregje"]
[Result "0-1"]
[TimeControl "90min/40moves + 30min + 30sec/move"]
[WhiteElo "1566"]
[BlackElo "1829"]

1. e4 d6 2. d4 Nf6 3. Nc3 g6 4.
Be2 Bg7 5. h4 c5 6. d5 h5 7. Nf3 Nbd7 8. Ng5 Ne5 9. Rg1 Neg4 10. f3 Ne5 11. Bf4 Nh7 12. Nh3 Bf6 13. Bg5 Nxg5 14.
hxg5 Bg7 15. Nf2 Qa5 16. Qd2 a6 17. Nb1 Qb6 18. c3 Qc7 19. f4 Nd7 20. Rh1 Nf8 21. Na3 b5 22. Rc1 Bd7 23.
Nc2 Qb6 24. a3 a5 25. b3 Bc8 26. Bd3 Bd7 27. Ne3 Rb8 28. Ned1 Qc7 29. Qe2 Qb7 30. Qc2 b4 31. c4 bxa3 32.
Rb1 Qb4+ 33. Kf1 Nh7 34. Rg1 Kd8 35. Be2 Kc7 36. Nd3 Qb6 37. Nc3 a4 38. bxa4 Qa5 39. Rxb8 Rxb8 40. e5 a2 41.
Nxa2 Bxa4 42. Qc1 Bb3 43. Nc3 Bxc4 44. exd6+ exd6 45. Nd1 Bxd3 46. Bxd3 Bd4 47. Rh1 Re8 48. Nf2 Qa2 49. Bc2 Bc3 50.
Nd1 Re1+ 51. Kf2 Rxh1 52. Nxc3 Rxc1 53. Nxa2 Rxc2+ 54. Kf3 Rxa2 0-1

[Event "NJSK 2024 Cm"]
[Site "Groningen, Netherlands"]
[Date "2024.05.01"]
[Round "5.2"]
[White "Luong, Thao"]
[Black "Jorritsma, Eli Alia"]
[Result "0-1"]
[TimeControl "90min/40moves + 30min + 30sec/move"]
[WhiteElo "1687"]
[BlackElo "1777"]

1. e4 g6 2. d4 Bg7 3. Nc3 d6 4. f4 Nd7 5. Nf3 a6 6. a4 c5 7. d5 Ngf6 8. Bd3 O-O 9. O-O Qb6 10.
a5 Qa7 11. Re1 Ng4 12. Bc4 b5 13. axb6 Nxb6 14. Bb5 c4 15. Nd4 Na4 16. e5 axb5 17. Ncxb5 Qb6 18. c3 Nxc3 19. bxc3 Rxa1 20.
Na3 dxe5 21. fxe5 Nxe5 22. Qe2 Nd3 23. Nxc4 Bxd4+ 24. cxd4 Qxd4+ 25. Be3 Rxe1+ 26. Qxe1 Qxc4 27. Qa1 f6 28.
Qa7 Qb4 29. h3 Bf5 30. Bh6 Qb1+ 31. Kh2 Qb8+ 32. Qxb8 Rxb8 33. d6 exd6 34. g4 Be4 35. g5 f5 36. Bg7 Kxg7 37. h4 Rb2+ 38.
Kg1 Bf3 39. h5 gxh5 40. g6 hxg6 41. Kf1 Rb1# 0-1

[Event "NJSK 2024 Cm"]
[Site "Groningen, Netherlands"]
[Date "2024.05.01"]
[Round "5.3"]
[White "Hardeman, Imara"]
[Black "Elangkumaran, Anumitra"]
[Result "1/2-1/2"]
[TimeControl "90min/40moves + 30min + 30sec/move"]
[WhiteElo "1676"]
[BlackElo "1605"]

1. e4 e5 2. Nf3 Nc6 3. c3 d5 4.
Qa4 f6 5. d3 Nge7 6. Be2 Be6 7. O-O Qd7 8.
Nbd2 O-O-O 9. b4 a6 10. Qc2 Ng6 11. Nb3 Nf4 12. Nc5 Nxe2+ 13. Qxe2 Bxc5 14. bxc5 dxe4 15. dxe4 Qd3 16. Qe1 Bg4 17.
Qe3 Bxf3 18. gxf3 Qxe3 19. Bxe3 Ne7 20. Rfd1 f5 21. Bg5 Rxd1+ 22. Rxd1 Nc6 23. exf5 Rf8 24. Kg2 Rxf5 25. Be3 Rf7 26.
Rd5 Rd7 27. Rxd7 Kxd7 28. Kf1 Ke6 29. Ke2 Kd5 30. Kd3 Na5 31. Bg5 Kxc5 32. Bd8 Kd6 33. Ke4 Nc6 34. Bh4 Ke6 35. Bg3 b5 36.
a3 h5 37. h4 g6 38. Bh2 Kf7 39. Bxe5 Nxe5 40. Kxe5 g5 41. hxg5 Kg6 42. Kf4 h4 43. Kg4 h3 44. Kxh3 Kxg5 45.
Kg3 Kf5 46. f4 c5 47. Kf3 a5 48. Ke3 b4 49. cxb4 cxb4 50. axb4 axb4 51. Kd3 Kxf4 52. Kc4 Kf3 53. Kxb4 Kxf2 1/2-1/2

[Event "NJSK 2024 Cm"]
[Site "Groningen, Netherlands"]
[Date "2024.05.01"]
[Round "5.4"]
[White "Regterschot, Frederieke"]
[Black "Koorevaar, Sarah-Joy"]
[Result "0-1"]
[TimeControl "90min/40moves + 30min + 30sec/move"]
[WhiteElo "1292"]
[BlackElo "1544"]

1. g3 d5 2. Bg2 e5 3. d3 Nc6 4. Nf3 f6 5. Nbd2 Be6 6. O-O Qd7 7. e4 d4 8. c3 O-O-O 9. Nb3 dxc3 10.
bxc3 Qxd3 11. Qxd3 Rxd3 12. Bb2 Nh6 13. Ne1 Rd7 14. f3 Bc4 15. Bh3 f5 16. Rf2 Bxb3 17. axb3 Bc5 18. b4 Bxf2+ 19. Kxf2 Rd2+ 20. Kg1 Rxb2 21.
exf5 Kb8 22. Nd3 Rd2 23. Nc5 Rhd8 24. Ra3 Rd1+ 25. Kf2 R8d2+ 26. Ke3 Rxh2 27. Bg4 Re1+ 28. Kd3 Nxg4 29. fxg4 Rg2 30.
b5 Ne7 31. Ra4 Rxg3+ 32. Kd2 Ree3 33. Rc4 Nd5 34. Na4 Ref3 35. Re4 Rg2+ 36. Re2 Rxe2+ 37. Kxe2 Rf4 38. Nc5 Kc8 39. Nd3 Re4+ 40.
Kd2 Nf4 41. Nxf4 exf4 42. b6 axb6 43. f6 gxf6 44. g5 fxg5 45. Kd3 Re8 46. c4 f3 47. c5 f2 48. cxb6 f1=Q+ 49. Kd4 Qf5 50. bxc7 Re4+ 51. Kd3 Qf3+ 52.
Kc2 Re2+ 53. Kd1 Qf1# 0-1

[Event "NJSK 2024 Cm"]
[Site "Groningen, Netherlands"]
[Date "2024.05.01"]
[Round "5.5"]
[White "Zhang, Jinchen"]
[Black "Vermeulen, Ilona"]
[Result "0-1"]
[TimeControl "90min/40moves + 30min + 30sec/move"]
[WhiteElo "1348"]
[BlackElo "1427"]

1. d4 d5 2. c4 e6 3. Nc3 Nf6 4. Bg5 Be7 5. Nf3 O-O 6. e3 Ne4 7. Bxe7 Qxe7 8. Nxe4 dxe4 9. Nd2 e5 10. c5 exd4 11. exd4 e3 12.
Nf3 Bg4 13. Be2 exf2+ 14. Kxf2 Nc6 15. Re1 Bxf3 16. Bxf3 Qh4+ 17. Kg1 Rad8 18. Bxc6 bxc6 19. g3 Qxd4+ 20. Qxd4 Rxd4 21. Re7 Rc8 22. Rae1 Kf8 23. R7e3 g6 24.
Rb3 Ra4 25. a3 Rc4 26. Rb7 Rxc5 27. Rxa7 Rb5 28. Rc1 Rxb2 29. Rxc6 Ra2 30. Rcxc7 Rxc7 31. Rxc7 Rxa3 32. Rc2 Kg7 33.
g4 f5 34. g5 h5 35. Rc7+ Kf8 36. Kg2 Re3 37. Rc8+ Kf7 38. Rc7+ Re7 39. Rc6 Re2+ 40. Kg1 h4 41. Rf6+ Kg7 42.
Ra6 Re5 43. Ra7+ Kf8 44. Ra8+ Kf7 45. Ra6 Re6 46. Ra7+ Re7 47. Rxe7+ Kxe7 48. Kf2 Ke6 49. Ke3 Ke5 50. h3 f4+ 51. Kf3 Kf5 52. Kf2 Kxg5 53.
Kg2 Kf5 54. Kf2 Ke4 55. Ke2 f3+ 56. Kf2 Kf4 57. Kf1 Kg3 58. Kg1 Kxh3 59. Kh1 Kg3 60. Kg1 f2+ 61. Kf1 h3 62. Ke2 Kg2 63.
Ke3 f1=Q 64. Ke4 h2 65. Ke5 h1=Q 66. Ke4 Kh3+ 67. Kd4 Qf4+ 68.
Kc5 Qe5+ 69. Kc4 Qhd5+ 70. Kb4 Qc5+ 71. Kb3 Qec3+ 72. Ka2 Q5a3+ 73. Kb1 Qab2# 0-1

[Event "NJSK 2024 Cm"]
[Site "Groningen, Netherlands"]
[Date "2024.05.01"]
[Round "5.6"]
[White "Barbier, Emma"]
[Black "Esvelt, Klio"]
[Result "1-0"]
[TimeControl "90min/40moves + 30min + 30sec/move"]
[WhiteElo "1473"]
[BlackElo "1353"]

1. e4 e5 2. Nf3 Nc6 3. Nc3 Nf6 4. Bc4 Bc5 5. O-O d6 6. h3 Be6 7. Bb3 Qd7 8. d3 h6 9. Be3 Nd4 10.
Bd2 O-O-O 11. Bxe6 fxe6 12. a3 d5 13. Nxe5 Qe8 14. exd5 exd5 15. Re1 Rf8 16. b4 Bd6 17. Ng4 Qg6 18.
Nxf6 Qxf6 19. Be3 Be5 20. Ra2 Bd6 21. Qg4+ Nf5 22. Nxd5 Qe5 23. Nf4 Kb8 24. g3 Qc3 25. Re2 Bxf4 26.
Bxf4 Rde8 27. Rxe8+ Rxe8 28. Qxf5 Re1+ 29. Kh2 Qc6 30. Qf8+ Re8 31. Qxg7 b6 32. Be3 Re6 33. c4 Rd6 34.
Rd2 Re6 35. Qc3 h5 36. d4 Rg6 37. d5 Qd7 38. Qh8+ Kb7 39. Qxh5 Rg7 40. Qe5 Rh7 41. h4 Re7 42. Qd4 c6 43.
dxc6+ Qxc6 44. Qd5 Qxd5 45. Rxd5 Rf7 46. c5 bxc5 47. Bxc5 a5 48. Re5 axb4 49. axb4 Rf3 50. h5 Rf6 51.
g4 Rh6 52. Kg3 Kc6 53. Kh4 Rh8 54. g5 Rd8 55. h6 Kb5 56. h7 Ka4 57.
g6 Kb5 58. g7 Kc6 59. g8=Q Rxg8 60. hxg8=Q Kc7 61. Re6 Kb7 62. Qf7+ Kc8 63. Re8# 1-0